 Dungeon Crawl Stone Soup version 0.25-a0-290-g4a1327ee3a (webtiles) character file.

Game seed: 2052202101218975077, levelgen mode: deterministic

58 MisterFreud the Skirmisher (level 4, -3/39 HPs)
             Began as a Formicid Abyssal Knight on Dec 13, 2019.
             Was a Believer of Lugonu.
             Slain by Terence
             ... wielding a +0 mace
              (5 damage)
             ... on level 2 of the Dungeon.
             The game lasted 00:02:18 (1085 turns).

MisterFreud the Skirmisher (FoAK)                   Turns: 1085, Time: 00:02:19

Health: -3/39      AC:  6    Str: 17    XL:     4   Next: 21%
Magic:  14/14      EV: 11    Int: 12    God:    Lugonu [**....]
Gold:   19         SH:  0    Dex: 10    Spells: 3/3 levels left

rFire    + . .     SeeInvis +   a - +1 falchion
rCold    + . .     Gourm    .   (no shield)
rNeg     . . .     Faith    .   b - +0 leather armour
rPois    +         Spirit   .   (helmet unavailable)
rElec    +         Reflect  .   (no cloak)
rCorr    +         Harm     .   (no gloves)
MR       .....                  (no boots)
Stlth    +.........             (no amulet)
HPRegen  0.13/turn              f - ring of magical power
MPRegen  0.14/turn              (no ring)

@: resistant
A: permanent stasis, dig shafts and tunnels, four strong arms, antennae 3,
talons 1, thin metallic scales 1, shaggy fur 1
a: Dig, Shaft Self, Depart the Abyss, Bend Space, Renounce Religion


You were on level 2 of the Dungeon.
You worshipped Lugonu.
Lugonu was pleased with you.
You were not hungry.

You visited 1 branch of the dungeon, and saw 2 of its levels.
You visited the Abyss 1 time.

You collected 19 gold pieces.

Inventory:

Hand Weapons
 a - a +1 falchion (weapon)
Armour
 b - a +0 leather armour (worn)
Jewellery
 f - a ring of magical power (left hand)
 l - an uncursed ring of fire
Scrolls
 e - a scroll of remove curse {unknown}
 g - a scroll of identify {unknown}
 h - a scroll of teleportation {unknown}
 k - a scroll of random uselessness {unknown}
Comestibles
 c - 3 rations
 j - 3 chunks of flesh


   Skills:
 + Level 5.2 Fighting
 - Level 2.0 Long Blades
 - Level 2.1 Armour
 - Level 0.8 Dodging
 - Level 2.1 Invocations


You had 3 spell levels left.
You didn't know any spells.
Your spell library was empty.

Dungeon Overview and Level Annotations

Branches:
Dungeon (2/15)

Altars:

Annotations:
D:2 Terence


Innate Abilities, Weirdness & Mutations

You cannot be hasted, slowed, berserked, paralysed or teleported.
You can dig through walls and to a lower floor.
Your four strong arms can wield two-handed weapons with a shield.
You have a pair of large antennae on your head. (SInv)
You have sharp toenails.
You are partially covered in thin metallic scales. (AC +2)
You are covered in fur. (AC +1)


Message History

* * * LOW HITPOINT WARNING * * *
Okay, then.
You see here a worm corpse.
You aren't carrying any items that you can evoke.
Unknown command.
Unknown command.
Unknown command.
Terence shouts, "DIE!!!"
Terence says, "Don't bother to defend, it's useless."
You aren't carrying any items that you can evoke.
Unknown command.
It was a potion of mutation.
You feel extremely strange. Fur sprouts all over your body.
Your toenails lengthen and sharpen.
Thin metallic scales grow over part of your body.
Terence hits you with a +0 mace.
* * * LOW HITPOINT WARNING * * *
It was a potion of resistance.
You feel protected. Terence hits you with a +0 mace.
You die...

###.......###+#
#<##.##.....#
####.##.##.....#
#.......##...###
##.#.##.##.....#
##.......#.....#
##..#.......###+#
#.@......รท..#
#######@..........#
{
#.........##.##..##
#.........##.##...#
{
#......#....###...#{
{ #......#..#.#
##### #......#....#
#......#.####
#......### #......#


You could see Terence.

Vanquished Creatures
  An ooze (D:1)
  A worm (D:2)
  A dart slug (D:1)
  A leopard gecko (D:1)
  5 bats
  5 giant cockroaches
  7 goblins (D:1)
  4 hobgoblins
  7 jackals (D:1)
  3 kobolds (D:1)
  A ball python (D:1)
  2 frilled lizards
  5 rats (D:1)
43 creatures vanquished.

Notes
Turn   | Place    | Note
-------+----------+-------------------------------------------
     0 | Abyss:1  | MisterFreud the Formicid Abyssal Knight began the quest for
                  | the Orb.
     0 | Abyss:1  | Reached XP level 1. HP: 18/18 MP: 2/2
    16 | D:1      | Escaped the Abyss
    79 | D:1      | Reached XP level 2. HP: 21/25 MP: 3/3
   123 | D:1      | Reached skill level 4 in Fighting
   230 | D:1      | Reached ** piety under Lugonu
   267 | D:1      | Reached XP level 3. HP: 19/31 MP: 4/4
   678 | D:1      | Reached skill level 5 in Fighting
   716 | D:1      | Reached XP level 4. HP: 25/39 MP: 5/5
  1063 | D:2      | Noticed Terence
  1084 | D:2      | Gained mutation: You are covered in fur. (AC +1) [potion of
                  | mutation]
  1084 | D:2      | Gained mutation: You have sharp toenails. [potion of
                  | mutation]
  1084 | D:2      | Gained mutation: You are partially covered in thin metallic
                  | scales. (AC +2) [potion of mutation]
  1085 | D:2      | Slain by Terence

Levels and vault maps discovered:
D:1:      psy_arrival_basics, layout_basic, serial_rivers,
          chequers_serial_rivers_large_a, chequers_serial_rivers_micro_d,
          chequers_serial_rivers_micro_a, chequers_serial_rivers_micro_b,
          solitary_fountain, st_stairs_4, minmay_cut_off
D:2:      layout_basic, grunt_temple_overflow_open, first_ration,
          kennysheep_path_1, hangedman_ru_absence, uniq_terence, uniq_sigmund

Skill      XL: |  1  2  3 |
---------------+----------+-----
Fighting       | 4 5 |  5.2
Long Blades    | |  2.0
Armour         | |  2.1
Dodging        | |  0.8
Invocations    | |  2.1

Action                   |  1- 3 |  4- 6 || total
-------------------------+-------+-------++-------
Melee: Falchion          |   108 |    26 ||   134
  Use: Potion            |       |     2 ||     2
  Eat: Chunk             |       |     1 ||     1
Armor: Leather armour    |    35 |     6 ||    41
Dodge: Dodged            |    79 |    17 ||    96
       Rpst.: Falchion   |    27 |     5 ||    32

Table legend:
 A = Non-vault XP
 B = Vault XP
 C = Vault XP percentage of total XP
 D = Non-vault monster count
 E = Vault monster count
 F = Vault count percentage of total count
                 A         B        C        D         E       F
            +---------+---------+-------+---------+---------+-------
      Total |      72 |      12 |  14.3 |      36 |       7 |  16.3
            +---------+---------+-------+---------+---------+-------
        D:1 |      59 |      12 |  16.9 |      30 |       7 |  18.9
        D:2 |      13 |       0 |   0.0 |       6 |       0 |   0.0
            +---------+---------+-------+---------+---------+-------
